Pirates vs Ice Caps

Created - Saturday, January 23, 2016 at 12:48

Goals
1 2 3 OT1 SO T
Pirates 0 0 1 0 0 1
Ice Caps 1 0 0 0 1 2
Shots
1 2 3 OT1 SO T
Pirates 6 3 6 5 3 20
Ice Caps 10 5 15 3 2 33

1st period

1. Ice Caps , Ryan Carter 12 (Trevor Smith) at 19:04

Penalties :
Zack Stortini (POR) for Hooking (Minor) at 0:53, B.J. Crombeen (STJ) for Fighting (Major) at 6:16, Daniel Carcillo (POR) for Fighting (Major) at 6:16, Nathan Oystrick (STJ) for Hooking (Minor) at 6:41, Troy Bodie (STJ) for Fighting (Major) at 9:19, Keith Aulie (POR) for Fighting (Major) at 9:19, Troy Bodie (STJ) for instigated a fight (Minor) at 9:19, Troy Bodie (STJ) for instigated a fight (10 Minutes Misconduct) at 9:19, Steve Spinell (POR) for Interference (Minor) at 14:22

2nd period

No Goal

Penalties :
Alex Biega (STJ) for Hooking (Minor) at 1:08, Brandon Yip (STJ) for Fighting (Major) at 7:15, Daniel Carcillo (POR) for Fighting (Major) at 7:15, Ryan Carter (STJ) for Roughing (Minor) at 14:49, Keith Aulie (POR) for Holding Stick (Minor) at 17:31

3rd period

2. Pirates , Matt Puempel 11 (Keith Aulie, Reid McNeill) at 9:42

Penalties :
Keith Aulie (POR) for Unsportsmanlike conduct (Minor) at 0:29

Overtime #1

No Goal

Penalties :
No Penalty

Shootout

Penalty Shot by Johan Sundstrom for Pirates - Shot Misses the Net
Penalty Shot by Kyle MacKinnon for Ice Caps - Shot Misses the Net
Penalty Shot by Matt Puempel for Pirates - Shot Hit the Post
Penalty Shot by Ryan Carter for Ice Caps - Goal!
Penalty Shot by Calle Jarnkrok for Pirates - Stopped by Jeff Zatkoff

Penalties :
No Penalty

Goalie Stats

Matt Hackett (POR), 32 saves from 33 shots - (0.970), OTL, 15-16-12, 65:00 minutes
Jeff Zatkoff (STJ), 19 saves from 20 shots - (0.950), W, 10-5-4, 65:00 minutes

Players Stats for Pirates

Player Name              G  A  P  +/- PIM S  H  SB GA TA FO     MP     PP MP  PK MP  
------------------------------------------------------------------------------------
Andrey Pedan             0  0  0  -1  0   0  2  1  1  3  0/0    28:32   4:11   3:42 
Anthony Duclair          0  0  0   0  0   4  1  0  3  1  0/0    17:46   0:23   0:13 
C.J. Ludwig              0  0  0   0  0   0  0  0  1  0  0/0     3:31   0:47   0:00 
Calle Jarnkrok           0  0  0   0  0   1  2  0  6  1  2/2    22:28   3:05   2:20 
Daniel Carcillo          0  0  0   0  10  3  1  0  4  3  2/9    19:14   2:13   1:20 
Danny Kristo             0  0  0   0  0   1  1  0  1  1  2/5    23:06   3:41   1:17 
Henrik Samuelsson        0  0  0   0  0   1  1  1  0  0  5/7    17:15   2:21   3:05 
Johan Sundstrom          0  0  0   0  0   1  1  1  1  1  6/15   23:32   2:40   5:19 
John Persson             0  0  0   0  0   0  0  0  0  0  0/0     0:00   0:00   0:00 
Keith Aulie              0  1  1   1  9   2  4  4  1  4  0/0    28:11   2:40   1:56 
Kerby Rychel             0  0  0   0  0   0  1  0  2  0  0/0     3:35   0:48   0:00 
Martin Frk               0  0  0   0  0   0  1  0  1  1  0/0    11:59   0:24   0:00 
Matt Puempel             1  0  1   0  0   4  0  0  3  2  0/0    16:40   4:51   0:00 
Reid McNeill             0  1  1   1  0   2  0  1  0  2  0/0    28:18   1:31   5:45 
Sebastian Collberg       0  0  0   0  0   0  0  0  0  0  0/0     0:00   0:00   0:00 
Steve Spinell            0  0  0   0  2   0  0  2  0  0  0/0    11:09   3:45   0:09 
Will O'Neill             0  0  0  -1  0   1  1  5  3  1  0/0    31:35   2:58   4:20 
Zack Stortini            0  0  0   0  2   0  2  0  0  2  7/12   25:06   3:22   2:18 

Players Stats for Ice Caps

Player Name              G  A  P  +/- PIM S  H  SB GA TA FO     MP     PP MP  PK MP  
------------------------------------------------------------------------------------
Alex Biega               0  0  0   0  2   1  0  1  0  1  0/0    24:21   4:06   1:24 
Alex Grant               0  0  0   0  0   1  1  0  0  2  0/0    28:49   3:34   5:55 
B.J. Crombeen            0  0  0   0  5   1  2  0  4  0  2/3    16:14   3:59   0:01 
Bobby Sanguinetti        0  0  0   0  0   1  0  0  0  1  0/0    23:58   3:50   5:16 
Brandon Yip              0  0  0  -1  5   2  1  0  0  2  5/7     8:49   0:00   0:00 
Chris Conner             0  0  0   0  0   3  0  0  2  2  1/1    16:21   3:59   0:00 
Derek Grant              0  0  0   0  0   3  1  0  2  1  1/2    15:36   0:00   2:44 
FARM PLAYER23            0  0  0   0  0   0  1  0  0  0  0/0    18:53   0:32   0:54 
FARM PLAYER29            0  0  0   0  0   0  0  0  0  0  0/0    15:34   0:00   0:00 
Kyle MacKinnon           0  0  0  -1  0   2  1  1  0  0  0/0    12:27   0:00   0:00 
Nathan Oystrick          0  0  0   0  2   1  0  1  0  0  0/0    19:57   3:50   2:23 
Patrick Dwyer            0  0  0   1  0   3  3  1  4  2  1/4    22:49   3:57   5:12 
Paul Carey               0  0  0   0  0   1  1  0  3  0  0/2    13:26   0:00   2:10 
Ryan Carter              1  0  1   1  2   6  4  0  6  4  8/19   18:10   3:57   0:00 
Shawn Thornton           0  0  0   0  0   3  3  0  4  1  7/11   16:21   3:59   0:00 
Tim Kennedy              0  0  0  -1  0   2  3  1  2  0  0/0    10:14   0:00   0:00 
Trevor Smith             0  1  1   1  0   3  0  0  6  0  1/1    20:43   3:57   5:12 
Troy Bodie               0  0  0   0  17  0  1  0  0  0  0/0     9:17   0:00   0:34 

3 Stars

1 - Matt Hackett (POR)
2 - Jeff Zatkoff (STJ)
3 - Ryan Carter (STJ)

Power Play

Pirates - 0 on 4 Attempt(s) - 0.00%
Ice Caps - 0 on 4 Attempt(s) - 0.00%

Penalty Kill

Pirates - 4 on 4 Attempt(s) - 100.00% - Score 0 goal in Penalty Kill
Ice Caps - 4 on 4 Attempt(s) - 100.00% - Score 0 goal in Penalty Kill

Team Stat

Pirates - Hits : 18 - Faceoff Wins : 24 - Blocked Shots : 15 - Penalty Minutes : 23
Ice Caps - Hits : 22 - Faceoff Wins : 26 - Blocked Shots : 5 - Penalty Minutes : 33

Official

Referees : Unknown
Linesman : Unknown

Game Notes

B.J. Crombeen and Daniel Carcillo fight to a draw at 6:16 of 1st period
Troy Bodie beats up Keith Aulie at 9:19 of 1st period
Daniel Carcillo beats up Brandon Yip at 7:15 of 2nd period

Finance

Level 1 -- Attendance: 1465 (73.25%) -- Ticket Income $41,020
Level 2 -- Attendance: 719 (71.90%) -- Ticket Income $10,785
Total Attendance: 2184 (72.80%)
Total Ticket Income: $51,805
Other Income: $25,384
Total Income: $77,189

Pirates

5 vs 5 Forward 
   Center                   Left Wing                Right Wing               Time % Phy DF OF 
 1 Daniel Carcillo          Anthony Duclair          Calle Jarnkrok           35     1   2  2  
 2 Zack Stortini            Matt Puempel             Danny Kristo             30     1   2  2  
 3 Johan Sundstrom          Danny Kristo             Zack Stortini            22     1   2  2  
 4 Danny Kristo             Calle Jarnkrok           Martin Frk               13     1   2  2  

5 vs 5 Defense 
   Defense                  Defense                                           Time % Phy DF OF 
 1 Reid McNeill             Keith Aulie                                       35     1   2  2  
 2 Will O'Neill             Andrey Pedan                                      30     1   2  2  
 3 Keith Aulie              Will O'Neill                                      22     1   2  2  
 4 Keith Aulie              Will O'Neill                                      13     1   2  2  

PowerPlay Forward 
   Center                   Left Wing                Right Wing               Time % Phy DF OF 
 1 Zack Stortini            Johan Sundstrom          Calle Jarnkrok           60     1   2  2  
 2 Daniel Carcillo          Matt Puempel             Danny Kristo             40     1   2  2  

PowerPlay Defense
   Defense                  Defense                                           Time % Phy DF OF 
 1 Andrey Pedan             Keith Aulie                                       60     1   2  2  
 2 Steve Spinell            Will O'Neill                                      40     1   2  2  

Penalty Kill 4 Players Forward 
   Center                   Wing                     Time % Phy DF OF 
 1 Zack Stortini            Johan Sundstrom          60     1   2  2  
 2 Calle Jarnkrok           Danny Kristo             40     1   2  2  

Penalty Kill 4 Players Defense
   Defense                  Defense                  Time % Phy DF OF 
 1 Reid McNeill             Keith Aulie              60     1   2  2  
 2 Will O'Neill             Andrey Pedan             40     1   2  2  

Penalty Kill - 3 Players Forward 
   Forward                                           Time % Phy DF OF 
 1 Zack Stortini                                     60     1   2  2  
 2 Danny Kristo                                      40     1   2  2  

Penalty Kill - 3 Players Defense
   Defense                  Defense                  Time % Phy DF OF 
 1 Will O'Neill             Keith Aulie              60     1   2  2  
 2 Andrey Pedan             Steve Spinell            40     1   2  2  

4 vs 4 Forward 
   Center                   Wing                     Time % Phy DF OF 
 1 Johan Sundstrom          Zack Stortini            60     1   2  2  
 2 Calle Jarnkrok           Danny Kristo             40     1   2  2  

4 vs 4 Defense
   Defense                  Defense                  Time % Phy DF OF 
 1 Keith Aulie              Andrey Pedan             60     1   2  2  
 2 Reid McNeill             Will O'Neill             40     1   2  2  

Last Minutes Offensive
   Center                   Left Wing                Right Wing               Defense                  Defense                  
   Matt Puempel             Danny Kristo             Calle Jarnkrok           Will O'Neill             Keith Aulie              

Last Minutes Defensive
   Center                   Left Wing                Right Wing               Defense                  Defense                  
   Matt Puempel             Danny Kristo             Calle Jarnkrok           Will O'Neill             Keith Aulie              

Goaltenders
Starting : Matt Hackett             
Backup : FARM GOALIE10            

Extra Forwards
Normal : Zack Stortini, Danny Kristo, Johan Sundstrom - PP : Zack Stortini, Danny Kristo - PK : Johan Sundstrom
Extra Defensemen
Normal : Will O'Neill, Keith Aulie, Andrey Pedan - PP : Andrey Pedan - PK : Andrey Pedan, Keith Aulie
Penalty Shots
Johan Sundstrom, Matt Puempel, Calle Jarnkrok, Danny Kristo, Zack Stortini

Ice Caps

5 vs 5 Forward 
   Center                   Left Wing                Right Wing               Time % Phy DF OF 
 1 Ryan Carter              Patrick Dwyer            Trevor Smith             35     1   2  2  
 2 Shawn Thornton           Chris Conner             B.J. Crombeen            30     1   2  2  
 3 Derek Grant              Paul Carey               Troy Bodie               22     1   2  2  
 4 Brandon Yip              Tim Kennedy              Kyle MacKinnon           13     1   2  2  

5 vs 5 Defense 
   Defense                  Defense                                           Time % Phy DF OF 
 1 Alex Grant               Bobby Sanguinetti                                 35     1   2  2  
 2 Alex Biega               Nathan Oystrick                                   30     1   2  2  
 3 FARM PLAYER29            FARM PLAYER23                                     22     1   2  2  
 4 Alex Grant               Bobby Sanguinetti                                 13     1   2  2  

PowerPlay Forward 
   Center                   Left Wing                Right Wing               Time % Phy DF OF 
 1 Ryan Carter              Patrick Dwyer            Trevor Smith             60     1   2  2  
 2 Shawn Thornton           B.J. Crombeen            Chris Conner             40     1   2  2  

PowerPlay Defense
   Defense                  Defense                                           Time % Phy DF OF 
 1 Alex Grant               Alex Biega                                        60     1   2  2  
 2 Nathan Oystrick          Bobby Sanguinetti                                 40     1   2  2  

Penalty Kill 4 Players Forward 
   Center                   Wing                     Time % Phy DF OF 
 1 Patrick Dwyer            Trevor Smith             60     1   2  2  
 2 Paul Carey               Derek Grant              40     1   2  2  

Penalty Kill 4 Players Defense
   Defense                  Defense                  Time % Phy DF OF 
 1 Alex Grant               Bobby Sanguinetti        60     1   2  2  
 2 Alex Biega               Nathan Oystrick          40     1   2  2  

Penalty Kill - 3 Players Forward 
   Forward                                           Time % Phy DF OF 
 1 Ryan Carter                                       60     1   2  2  
 2 Brandon Yip                                       40     1   2  2  

Penalty Kill - 3 Players Defense
   Defense                  Defense                  Time % Phy DF OF 
 1 Alex Grant               Bobby Sanguinetti        60     1   2  2  
 2 FARM PLAYER29            Alex Biega               40     1   2  2  

4 vs 4 Forward 
   Center                   Wing                     Time % Phy DF OF 
 1 Ryan Carter              Patrick Dwyer            60     1   2  2  
 2 Trevor Smith             Tim Kennedy              40     1   2  2  

4 vs 4 Defense
   Defense                  Defense                  Time % Phy DF OF 
 1 Alex Biega               Alex Grant               60     1   2  2  
 2 FARM PLAYER23            FARM PLAYER29            40     1   2  2  

Last Minutes Offensive
   Center                   Left Wing                Right Wing               Defense                  Defense                  
   Ryan Carter              Patrick Dwyer            Trevor Smith             Alex Grant               Alex Biega               

Last Minutes Defensive
   Center                   Left Wing                Right Wing               Defense                  Defense                  
   Ryan Carter              Patrick Dwyer            Trevor Smith             Alex Grant               Alex Biega               

Goaltenders
Starting : Jeff Zatkoff             
Backup : Scott Greenham           

Extra Forwards
Normal : Kyle MacKinnon, Ryan Carter, Patrick Dwyer - PP : Trevor Smith, Shawn Thornton - PK : Troy Bodie
Extra Defensemen
Normal : FARM PLAYER23, Alex Grant, Bobby Sanguinetti - PP : Alex Biega - PK : Nathan Oystrick, Alex Grant
Penalty Shots
Kyle MacKinnon, Ryan Carter, Patrick Dwyer, Trevor Smith, Shawn Thornton

% Time on Ice - Pirates

Lines # - Real PCT - Wanted PCT - Time Play
Normal Forward
1 - 41% - 35% - 18:04
2 - 28% - 30% - 12:14
3 - 11% - 22% - 4:59
4 - 20% - 13% - 8:51
Normal Defense
1 - 44% - 35% - 19:12
2 - 38% - 30% - 16:35
3 - 15% - 22% - 6:46
4 - 4% - 13% - 1:35
PP Forward
1 - 39% - 60% - 3:05
2 - 61% - 40% - 4:51
PP Defense
1 - 53% - 60% - 4:11
2 - 47% - 40% - 3:45
PK Forward
1 - 84% - 60% - 6:39
2 - 16% - 40% - 1:17
PK Defense
1 - 74% - 60% - 5:54
2 - 26% - 40% - 2:02
PK3 Forward
1 - 0% - 60%
2 - 0% - 40%
PK3 Defense
1 - 0% - 60%
2 - 0% - 40%
44 Forward
1 - 87% - 60% - 4:20
2 - 13% - 40% - 0:40
44 Defense
1 - 54% - 60% - 2:41
2 - 46% - 40% - 2:19
Last Minute Offensive  - 0:00
Last Minute Defensive  - 0:00
Total
Forward - 65:00
Defense - 65:00

% Time on Ice - Ice Caps

Lines # - Real PCT - Wanted PCT - Time Play
Normal Forward
1 - 25% - 35% - 10:55
2 - 30% - 30% - 13:17
3 - 23% - 22% - 10:21
4 - 22% - 13% - 9:35
Normal Defense
1 - 31% - 35% - 13:52
2 - 32% - 30% - 14:14
3 - 32% - 22% - 13:58
4 - 5% - 13% - 2:04
PP Forward
1 - 50% - 60% - 3:57
2 - 50% - 40% - 3:59
PP Defense
1 - 52% - 60% - 4:06
2 - 48% - 40% - 3:50
PK Forward
1 - 73% - 60% - 5:46
2 - 27% - 40% - 2:10
PK Defense
1 - 66% - 60% - 5:16
2 - 34% - 40% - 2:40
PK3 Forward
1 - 0% - 60%
2 - 0% - 40%
PK3 Defense
1 - 0% - 60%
2 - 0% - 40%
44 Forward
1 - 87% - 60% - 4:21
2 - 13% - 40% - 0:39
44 Defense
1 - 68% - 60% - 3:24
2 - 32% - 40% - 1:36
Last Minute Offensive  - 0:00
Last Minute Defensive  - 0:00
Total
Forward - 65:00
Defense - 65:00

Play by Play

1st period


0:01 of 1st period - Ryan Carter wins face-off versus Daniel Carcillo in neutral zone.
0:53 of 1st period - Minor Penalty to Zack Stortini for Hooking.
0:54 of 1st period - Henrik Samuelsson wins face-off versus Shawn Thornton in Pirates zone.
1:24 of 1st period - Slapshot by Will O'Neill.
1:24 of 1st period - Shot Misses the Net.
2:34 of 1st period - Keith Aulie is hit by Patrick Dwyer and loses puck.
2:46 of 1st period - Icing by Ryan Carter.
2:47 of 1st period - Calle Jarnkrok wins face-off versus Ryan Carter in Ice Caps zone.
2:53 of 1st period - Penalty to Zack Stortini is over, Zack Stortini is back on ice.
3:26 of 1st period - Snap shot by Anthony Duclair.
3:26 of 1st period - Shot Misses the Net.
3:30 of 1st period - Snap shot by Calle Jarnkrok.
3:30 of 1st period - Deflect By Anthony Duclair.
3:30 of 1st period - Stopped by Jeff Zatkoff with a rebound.
3:32 of 1st period - Slapshot by Anthony Duclair.
3:32 of 1st period - Stopped by Jeff Zatkoff with a rebound.
4:00 of 1st period - Wrist shot by Brandon Yip.
4:00 of 1st period - Deflect By Kyle MacKinnon.
4:00 of 1st period - Shot Misses the Net.
4:00 of 1st period - Puck is out of play.
4:01 of 1st period - Brandon Yip wins face-off versus Daniel Carcillo in Pirates zone.
4:27 of 1st period - Icing by Keith Aulie.
4:28 of 1st period - Shawn Thornton wins face-off versus Daniel Carcillo in Pirates zone.
4:53 of 1st period - Snap shot by Chris Conner.
4:53 of 1st period - Stopped by Matt Hackett with a rebound.
4:55 of 1st period - Slapshot by Nathan Oystrick.
4:55 of 1st period - Shot Misses the Net.
4:57 of 1st period - Slapshot by Nathan Oystrick.
4:57 of 1st period - Deflect By Chris Conner.
4:57 of 1st period - Stopped by Matt Hackett with a rebound.
4:59 of 1st period - Slapshot by Nathan Oystrick.
4:59 of 1st period - Deflect By Chris Conner.
4:59 of 1st period - Shot Blocked by Keith Aulie.
4:59 of 1st period - Puck is out of play.
5:00 of 1st period - Ryan Carter wins face-off versus Danny Kristo in Pirates zone.
5:26 of 1st period - Icing by Patrick Dwyer.
5:27 of 1st period - Ryan Carter wins face-off versus Zack Stortini in Ice Caps zone.
5:27 of 1st period - Ryan Carter is hit by Will O'Neill.
5:37 of 1st period - Snap shot by Ryan Carter.
5:37 of 1st period - Shot Hit the Post.
5:43 of 1st period - Snap shot by Ryan Carter.
5:43 of 1st period - Stopped by Matt Hackett with a rebound.
5:45 of 1st period - Slapshot by Ryan Carter.
5:45 of 1st period - Shot Blocked by Will O'Neill.
6:16 of 1st period - B.J. Crombeen and Daniel Carcillo fight to a draw.
6:16 of 1st period - Penalty to B.J. Crombeen for Fighting.
6:16 of 1st period - Penalty to Daniel Carcillo for Fighting.
6:17 of 1st period - Derek Grant wins face-off versus Danny Kristo in neutral zone.
6:27 of 1st period - Calle Jarnkrok is hit by Troy Bodie.
6:33 of 1st period - Snap shot by Keith Aulie.
6:33 of 1st period - Shot Misses the Net.
6:35 of 1st period - Slapshot by Keith Aulie.
6:35 of 1st period - Shot Blocked by Nathan Oystrick.
6:41 of 1st period - Minor Penalty to Nathan Oystrick for Hooking.
6:42 of 1st period - Zack Stortini wins face-off versus Patrick Dwyer in Ice Caps zone.
6:59 of 1st period - Slapshot by Keith Aulie.
6:59 of 1st period - Shot Misses the Net.
7:01 of 1st period - Snap shot by Keith Aulie.
7:01 of 1st period - Shot Misses the Net.
7:17 of 1st period - Patrick Dwyer is hit by Zack Stortini and loses puck.
7:55 of 1st period - Will O'Neill is hit by Derek Grant and loses puck.
8:33 of 1st period - Trevor Smith is hit by Danny Kristo and loses puck.
8:41 of 1st period - Penalty to Nathan Oystrick is over, Nathan Oystrick is back on ice.
9:06 of 1st period - Slapshot by Kyle MacKinnon.
9:06 of 1st period - Stopped by Matt Hackett with a rebound.
9:08 of 1st period - Slapshot by Alex Biega.
9:08 of 1st period - Stopped by Matt Hackett with a rebound.
9:10 of 1st period - Slapshot by Kyle MacKinnon.
9:10 of 1st period - Stopped by Matt Hackett without a rebound.
9:11 of 1st period - Johan Sundstrom wins face-off versus Derek Grant in Pirates zone.
9:19 of 1st period - Troy Bodie beats up Keith Aulie.
9:19 of 1st period - Penalty to Troy Bodie for Fighting.
9:19 of 1st period - Penalty to Keith Aulie for Fighting.
9:19 of 1st period - Penalty to Troy Bodie for instigated a fight.
9:19 of 1st period - Penalty to Troy Bodie for instigated a fight.
9:20 of 1st period - Zack Stortini wins face-off versus Patrick Dwyer in Ice Caps zone.
9:59 of 1st period - Wrist shot by Matt Puempel.
9:59 of 1st period - Stopped by Jeff Zatkoff without a rebound.
10:00 of 1st period - Henrik Samuelsson wins face-off versus Paul Carey in Ice Caps zone.
10:23 of 1st period - Trevor Smith is hit by Johan Sundstrom and loses puck.
11:00 of 1st period - Off-side.
11:01 of 1st period - Johan Sundstrom wins face-off versus Paul Carey in neutral zone.
11:16 of 1st period - Penalty to B.J. Crombeen is over, B.J. Crombeen is back on ice.
11:19 of 1st period - Penalty to Troy Bodie is over, FARM PLAYER23 is send on ice.
11:53 of 1st period - Slapshot by Henrik Samuelsson.
11:53 of 1st period - Shot Misses the Net.
12:11 of 1st period - Wrist shot by Daniel Carcillo.
12:11 of 1st period - Stopped by Jeff Zatkoff with a rebound.
12:13 of 1st period - Wrist shot by Anthony Duclair.
12:13 of 1st period - Stopped by Jeff Zatkoff without a rebound.
12:14 of 1st period - Shawn Thornton wins face-off versus Daniel Carcillo in Ice Caps zone.
12:33 of 1st period - Snap shot by Shawn Thornton.
12:33 of 1st period - Stopped by Matt Hackett without a rebound.
12:34 of 1st period - Shawn Thornton wins face-off versus Danny Kristo in Pirates zone.
13:12 of 1st period - Wrist shot by Anthony Duclair.
13:12 of 1st period - Shot Misses the Net.
13:57 of 1st period - Snap shot by Brandon Yip.
13:57 of 1st period - Stopped by Matt Hackett with a rebound.
14:22 of 1st period - Minor Penalty to Steve Spinell for Interference.
14:23 of 1st period - Zack Stortini wins face-off versus Ryan Carter in Pirates zone.
15:12 of 1st period - Chris Conner is hit by Keith Aulie and loses puck.
15:41 of 1st period - Snap shot by Ryan Carter.
15:41 of 1st period - Stopped by Matt Hackett without a rebound.
15:42 of 1st period - Trevor Smith wins face-off versus Henrik Samuelsson in Pirates zone.
16:13 of 1st period - Daniel Carcillo is hit by Patrick Dwyer and loses puck.
16:22 of 1st period - Penalty to Steve Spinell is over, Steve Spinell is back on ice.
16:46 of 1st period - Slapshot by Derek Grant.
16:46 of 1st period - Shot Blocked by Steve Spinell.
17:24 of 1st period - Steve Spinell is hit by FARM PLAYER23 and loses puck.
17:59 of 1st period - Snap shot by Anthony Duclair.
17:59 of 1st period - Stopped by Jeff Zatkoff with a rebound.
18:23 of 1st period - Snap shot by Chris Conner.
18:23 of 1st period - Deflect By B.J. Crombeen.
18:23 of 1st period - Shot Misses the Net.
18:23 of 1st period - Puck is out of play.
18:24 of 1st period - Henrik Samuelsson wins face-off versus Shawn Thornton in Pirates zone.
19:04 of 1st period - Slapshot by Ryan Carter.
19:04 of 1st period - Goal by Ryan Carter - Pirates : 0 - Ice Caps : 1.
19:05 of 1st period - Brandon Yip wins face-off versus Daniel Carcillo in neutral zone.
19:36 of 1st period - Snap shot by Kyle MacKinnon.
19:36 of 1st period - Shot Blocked by Keith Aulie.
Goals for this period are 0 for Pirates vs 1 for Ice Caps.
Shots for this period are 6 for Pirates vs 10 for Ice Caps.

2nd period


0:01 of 2nd period - Johan Sundstrom wins face-off versus Ryan Carter in neutral zone.
0:18 of 2nd period - Slapshot by Keith Aulie.
0:18 of 2nd period - Shot Misses the Net.
0:56 of 2nd period - Daniel Carcillo is hit by Kyle MacKinnon and loses puck.
1:08 of 2nd period - Minor Penalty to Alex Biega for Hooking.
1:09 of 2nd period - Patrick Dwyer wins face-off versus Daniel Carcillo in Ice Caps zone.
3:08 of 2nd period - Penalty to Alex Biega is over, Alex Biega is back on ice.
3:17 of 2nd period - Slapshot by Matt Puempel.
3:17 of 2nd period - Stopped by Jeff Zatkoff without a rebound.
3:18 of 2nd period - Daniel Carcillo wins face-off versus Shawn Thornton in Ice Caps zone.
4:07 of 2nd period - Icing by Kyle MacKinnon.
4:08 of 2nd period - Danny Kristo wins face-off versus Brandon Yip in Ice Caps zone.
4:15 of 2nd period - Slapshot by Calle Jarnkrok.
4:15 of 2nd period - Shot Blocked by Kyle MacKinnon.
4:17 of 2nd period - Slapshot by Calle Jarnkrok.
4:17 of 2nd period - Shot Misses the Net.
4:19 of 2nd period - 10 Minutes Misconduct Penalty to Troy Bodie is over.
4:42 of 2nd period - Andrey Pedan is hit by Brandon Yip and loses puck.
5:39 of 2nd period - Slapshot by Daniel Carcillo.
5:39 of 2nd period - Stopped by Jeff Zatkoff without a rebound.
5:40 of 2nd period - Shawn Thornton wins face-off versus Johan Sundstrom in Ice Caps zone.
5:49 of 2nd period - Slapshot by Chris Conner.
5:49 of 2nd period - Shot Misses the Net.
6:11 of 2nd period - Snap shot by B.J. Crombeen.
6:11 of 2nd period - Stopped by Matt Hackett without a rebound.
6:12 of 2nd period - Henrik Samuelsson wins face-off versus Ryan Carter in Pirates zone.
6:17 of 2nd period - Ryan Carter is hit by Andrey Pedan.
6:23 of 2nd period - Henrik Samuelsson is hit by Ryan Carter and loses puck.
6:32 of 2nd period - Slapshot by Patrick Dwyer.
6:32 of 2nd period - Stopped by Matt Hackett with a rebound.
6:34 of 2nd period - Slapshot by Nathan Oystrick.
6:34 of 2nd period - Stopped by Matt Hackett with a rebound.
7:15 of 2nd period - Daniel Carcillo beats up Brandon Yip.
7:15 of 2nd period - Penalty to Brandon Yip for Fighting.
7:15 of 2nd period - Penalty to Daniel Carcillo for Fighting.
7:16 of 2nd period - Shawn Thornton wins face-off versus Johan Sundstrom in Ice Caps zone.
7:41 of 2nd period - Johan Sundstrom is hit by Shawn Thornton and loses puck.
8:18 of 2nd period - Ryan Carter is hit by Calle Jarnkrok and loses puck.
8:39 of 2nd period - Wrist shot by Ryan Carter.
8:39 of 2nd period - Stopped by Matt Hackett with a rebound.
9:12 of 2nd period - Keith Aulie is hit by Paul Carey and loses puck.
9:37 of 2nd period - Alex Grant is hit by Kerby Rychel and loses puck.
9:56 of 2nd period - Icing by Henrik Samuelsson.
9:57 of 2nd period - Ryan Carter wins face-off versus Zack Stortini in Pirates zone.
10:29 of 2nd period - Ryan Carter is hit by Zack Stortini and loses puck.
11:54 of 2nd period - Trevor Smith is hit by Anthony Duclair and loses puck.
12:19 of 2nd period - Snap shot by Derek Grant.
12:19 of 2nd period - Shot Misses the Net.
12:21 of 2nd period - Snap shot by Derek Grant.
12:21 of 2nd period - Shot Misses the Net.
12:23 of 2nd period - Slapshot by Troy Bodie.
12:23 of 2nd period - Shot Blocked by Henrik Samuelsson.
12:43 of 2nd period - Tim Kennedy is hit by Keith Aulie and loses puck.
13:16 of 2nd period - Kerby Rychel is hit by B.J. Crombeen and loses puck.
13:44 of 2nd period - Paul Carey is hit by Andrey Pedan and loses puck.
14:15 of 2nd period - Snap shot by Tim Kennedy.
14:15 of 2nd period - Shot Misses the Net.
14:17 of 2nd period - Slapshot by Nathan Oystrick.
14:17 of 2nd period - Shot Blocked by Johan Sundstrom.
14:49 of 2nd period - Minor Penalty to Ryan Carter for Roughing.
14:50 of 2nd period - Daniel Carcillo wins face-off versus Patrick Dwyer in Ice Caps zone.
15:25 of 2nd period - Slapshot by Matt Puempel.
15:25 of 2nd period - Stopped by Jeff Zatkoff with a rebound.
16:38 of 2nd period - Matt Puempel is hit by Alex Grant and loses puck.
16:45 of 2nd period - Wrist shot by Troy Bodie.
16:45 of 2nd period - Shot Misses the Net.
16:49 of 2nd period - Penalty to Ryan Carter is over, Ryan Carter is back on ice.
16:55 of 2nd period - Henrik Samuelsson is hit by Shawn Thornton and loses puck.
17:23 of 2nd period - Wrist shot by Chris Conner.
17:23 of 2nd period - Shot Misses the Net.
17:25 of 2nd period - Wrist shot by Shawn Thornton.
17:25 of 2nd period - Shot Misses the Net.
17:31 of 2nd period - Minor Penalty to Keith Aulie for Holding Stick.
17:32 of 2nd period - B.J. Crombeen wins face-off versus Zack Stortini in Pirates zone.
18:38 of 2nd period - Slapshot by Shawn Thornton.
18:38 of 2nd period - Shot Misses the Net.
18:54 of 2nd period - Wrist shot by Trevor Smith.
18:54 of 2nd period - Stopped by Matt Hackett with a rebound.
19:26 of 2nd period - Reid McNeill is hit by Shawn Thornton and loses puck.
19:31 of 2nd period - Penalty to Keith Aulie is over, Keith Aulie is back on ice.
Goals for this period are 0 for Pirates vs 0 for Ice Caps.
Shots for this period are 3 for Pirates vs 5 for Ice Caps.

3rd period


0:01 of 3rd period - Zack Stortini wins face-off versus Ryan Carter in neutral zone.
0:29 of 3rd period - Minor Penalty to Keith Aulie for Unsportsmanlike conduct.
0:30 of 3rd period - Zack Stortini wins face-off versus B.J. Crombeen in Pirates zone.
1:04 of 3rd period - Slapshot by Shawn Thornton.
1:04 of 3rd period - Stopped by Matt Hackett with a rebound.
1:46 of 3rd period - Andrey Pedan is hit by Patrick Dwyer and loses puck.
2:29 of 3rd period - Penalty to Keith Aulie is over, Keith Aulie is back on ice.
2:30 of 3rd period - Henrik Samuelsson is hit by Ryan Carter and loses puck.
2:47 of 3rd period - Wrist shot by Derek Grant.
2:47 of 3rd period - Stopped by Matt Hackett with a rebound.
3:07 of 3rd period - Derek Grant is hit by Keith Aulie and loses puck.
3:58 of 3rd period - Calle Jarnkrok is hit by Tim Kennedy.
4:22 of 3rd period - Chris Conner is hit by Keith Aulie and loses puck.
4:33 of 3rd period - Reid McNeill is hit by B.J. Crombeen and loses puck.
5:25 of 3rd period - Snap shot by Daniel Carcillo.
5:25 of 3rd period - Shot Misses the Net.
5:27 of 3rd period - Backhand shot by Daniel Carcillo.
5:27 of 3rd period - Stopped by Jeff Zatkoff without a rebound.
5:28 of 3rd period - Brandon Yip wins face-off versus Henrik Samuelsson in Ice Caps zone.
6:41 of 3rd period - Wrist shot by Ryan Carter.
6:41 of 3rd period - Shot Misses the Net.
6:43 of 3rd period - Snap shot by Ryan Carter.
6:43 of 3rd period - Shot Blocked by Will O'Neill.
6:45 of 3rd period - Slapshot by Trevor Smith.
6:45 of 3rd period - Stopped by Matt Hackett without a rebound.
6:46 of 3rd period - Zack Stortini wins face-off versus Ryan Carter in Pirates zone.
8:05 of 3rd period - Wrist shot by Paul Carey.
8:05 of 3rd period - Stopped by Matt Hackett with a rebound.
8:07 of 3rd period - Slapshot by Bobby Sanguinetti.
8:07 of 3rd period - Stopped by Matt Hackett with a rebound.
8:09 of 3rd period - Snap shot by Alex Grant.
8:09 of 3rd period - Stopped by Matt Hackett with a rebound.
8:11 of 3rd period - Snap shot by Derek Grant.
8:11 of 3rd period - Stopped by Matt Hackett with a rebound.
8:13 of 3rd period - Slapshot by Derek Grant.
8:13 of 3rd period - Shot Misses the Net.
8:15 of 3rd period - Slapshot by Bobby Sanguinetti.
8:15 of 3rd period - Deflect By Derek Grant.
8:15 of 3rd period - Stopped by Matt Hackett with a rebound.
8:17 of 3rd period - Wrist shot by Paul Carey.
8:17 of 3rd period - Shot Blocked by Will O'Neill.
8:54 of 3rd period - Wrist shot by Chris Conner.
8:54 of 3rd period - Shot Misses the Net.
8:56 of 3rd period - Wrist shot by Shawn Thornton.
8:56 of 3rd period - Stopped by Matt Hackett with a rebound.
8:58 of 3rd period - Snap shot by Nathan Oystrick.
8:58 of 3rd period - Shot Misses the Net.
9:00 of 3rd period - Wrist shot by Chris Conner.
9:00 of 3rd period - Stopped by Matt Hackett without a rebound.
9:01 of 3rd period - B.J. Crombeen wins face-off versus Johan Sundstrom in Pirates zone.
9:06 of 3rd period - Wrist shot by Chris Conner.
9:06 of 3rd period - Shot Blocked by Steve Spinell.
9:08 of 3rd period - Slapshot by Nathan Oystrick.
9:08 of 3rd period - Shot Misses the Net.
9:22 of 3rd period - Icing by Kyle MacKinnon.
9:23 of 3rd period - Zack Stortini wins face-off versus Brandon Yip in Ice Caps zone.
9:30 of 3rd period - Wrist shot by Danny Kristo.
9:30 of 3rd period - Shot Hit the Post.
9:32 of 3rd period - Slapshot by Reid McNeill.
9:32 of 3rd period - Stopped by Jeff Zatkoff with a rebound.
9:34 of 3rd period - Snap shot by Reid McNeill.
9:34 of 3rd period - Stopped by Jeff Zatkoff with a rebound.
9:42 of 3rd period - Snap shot by Matt Puempel.
9:42 of 3rd period - Goal by Matt Puempel - Pirates : 1 - Ice Caps : 1.
9:43 of 3rd period - Danny Kristo wins face-off versus Ryan Carter in neutral zone.
10:05 of 3rd period - Wrist shot by Ryan Carter.
10:05 of 3rd period - Shot Misses the Net.
10:07 of 3rd period - Snap shot by Patrick Dwyer.
10:07 of 3rd period - Shot Misses the Net.
10:09 of 3rd period - Snap shot by Trevor Smith.
10:09 of 3rd period - Stopped by Matt Hackett without a rebound.
10:10 of 3rd period - Shawn Thornton wins face-off versus Johan Sundstrom in Pirates zone.
10:15 of 3rd period - Snap shot by Chris Conner.
10:15 of 3rd period - Shot Misses the Net.
10:24 of 3rd period - Off-side.
10:25 of 3rd period - Shawn Thornton wins face-off versus Johan Sundstrom in neutral zone.
10:46 of 3rd period - Wrist shot by B.J. Crombeen.
10:46 of 3rd period - Shot Blocked by Reid McNeill.
11:06 of 3rd period - Ryan Carter is hit by Martin Frk and loses puck.
11:13 of 3rd period - Calle Jarnkrok is hit by Ryan Carter and loses puck.
12:47 of 3rd period - Wrist shot by Tim Kennedy.
12:47 of 3rd period - Stopped by Matt Hackett without a rebound.
12:48 of 3rd period - Calle Jarnkrok wins face-off versus Shawn Thornton in Pirates zone.
12:59 of 3rd period - Snap shot by Calle Jarnkrok.
12:59 of 3rd period - Stopped by Jeff Zatkoff with a rebound.
13:38 of 3rd period - Wrist shot by Anthony Duclair.
13:38 of 3rd period - Shot Misses the Net.
13:40 of 3rd period - Wrist shot by Anthony Duclair.
13:40 of 3rd period - Shot Misses the Net.
13:42 of 3rd period - Wrist shot by Henrik Samuelsson.
13:42 of 3rd period - Stopped by Jeff Zatkoff without a rebound.
13:43 of 3rd period - Henrik Samuelsson wins face-off versus Ryan Carter in Ice Caps zone.
14:08 of 3rd period - Snap shot by Ryan Carter.
14:08 of 3rd period - Stopped by Matt Hackett with a rebound.
14:28 of 3rd period - Alex Grant is hit by Calle Jarnkrok and loses puck.
15:01 of 3rd period - Snap shot by Anthony Duclair.
15:01 of 3rd period - Shot Blocked by Alex Biega.
15:09 of 3rd period - Alex Biega is hit by Henrik Samuelsson and loses puck.
16:48 of 3rd period - Wrist shot by Ryan Carter.
16:48 of 3rd period - Shot Blocked by Keith Aulie.
17:22 of 3rd period - Icing by Calle Jarnkrok.
17:23 of 3rd period - Brandon Yip wins face-off versus Zack Stortini in Pirates zone.
17:34 of 3rd period - Slapshot by Daniel Carcillo.
17:34 of 3rd period - Shot Blocked by Tim Kennedy.
17:36 of 3rd period - Wrist shot by Zack Stortini.
17:36 of 3rd period - Deflect By Daniel Carcillo.
17:36 of 3rd period - Shot Misses the Net.
17:36 of 3rd period - Puck is out of play.
17:37 of 3rd period - Brandon Yip wins face-off versus Zack Stortini in Ice Caps zone.
17:58 of 3rd period - Slapshot by Anthony Duclair.
17:58 of 3rd period - Shot Misses the Net.
18:00 of 3rd period - Backhand shot by Anthony Duclair.
18:00 of 3rd period - Deflect By Daniel Carcillo.
18:00 of 3rd period - Shot Misses the Net.
18:00 of 3rd period - Puck is out of play.
18:01 of 3rd period - Chris Conner wins face-off versus Daniel Carcillo in Ice Caps zone.
19:11 of 3rd period - Backhand shot by Matt Puempel.
19:11 of 3rd period - Shot Misses the Net.
19:41 of 3rd period - Wrist shot by Tim Kennedy.
19:41 of 3rd period - Stopped by Matt Hackett with a rebound.
19:43 of 3rd period - Wrist shot by Brandon Yip.
19:43 of 3rd period - Stopped by Matt Hackett with a rebound.
Goals for this period are 1 for Pirates vs 0 for Ice Caps.
Shots for this period are 6 for Pirates vs 15 for Ice Caps.

Overtime #1


0:01 of 1st overtime period - Johan Sundstrom wins face-off versus Ryan Carter in neutral zone.
0:10 of 1st overtime period - Snap shot by Johan Sundstrom.
0:10 of 1st overtime period - Shot Misses the Net.
0:12 of 1st overtime period - Snap shot by Zack Stortini.
0:12 of 1st overtime period - Deflect By Johan Sundstrom.
0:12 of 1st overtime period - Stopped by Jeff Zatkoff without a rebound.
0:13 of 1st overtime period - Johan Sundstrom wins face-off versus Ryan Carter in Ice Caps zone.
0:14 of 1st overtime period - Slapshot by Keith Aulie.
0:14 of 1st overtime period - Deflect By Johan Sundstrom.
0:14 of 1st overtime period - Deflect By Ryan Carter.
0:14 of 1st overtime period - Shot Blocked by Patrick Dwyer.
0:14 of 1st overtime period - Puck is out of play.
0:15 of 1st overtime period - Ryan Carter wins face-off versus Johan Sundstrom in Ice Caps zone.
0:32 of 1st overtime period - Slapshot by Ryan Carter.
0:32 of 1st overtime period - Stopped by Matt Hackett without a rebound.
0:33 of 1st overtime period - Ryan Carter wins face-off versus Johan Sundstrom in Pirates zone.
0:44 of 1st overtime period - Snap shot by Patrick Dwyer.
0:44 of 1st overtime period - Stopped by Matt Hackett with a rebound.
0:46 of 1st overtime period - Wrist shot by Patrick Dwyer.
0:46 of 1st overtime period - Shot Misses the Net.
0:48 of 1st overtime period - Snap shot by Ryan Carter.
0:48 of 1st overtime period - Shot Blocked by Keith Aulie.
1:01 of 1st overtime period - Off-side.
1:02 of 1st overtime period - Ryan Carter wins face-off versus Johan Sundstrom in neutral zone.
1:09 of 1st overtime period - Snap shot by Patrick Dwyer.
1:09 of 1st overtime period - Stopped by Matt Hackett without a rebound.
1:10 of 1st overtime period - Johan Sundstrom wins face-off versus Ryan Carter in Pirates zone.
1:17 of 1st overtime period - Backhand shot by Will O'Neill.
1:17 of 1st overtime period - Stopped by Jeff Zatkoff without a rebound.
1:18 of 1st overtime period - Ryan Carter wins face-off versus Johan Sundstrom in Ice Caps zone.
1:45 of 1st overtime period - Wrist shot by Patrick Dwyer.
1:45 of 1st overtime period - Shot Misses the Net.
1:47 of 1st overtime period - Slapshot by Patrick Dwyer.
1:47 of 1st overtime period - Shot Blocked by Will O'Neill.
1:49 of 1st overtime period - Slapshot by FARM PLAYER29.
1:49 of 1st overtime period - Shot Blocked by Will O'Neill.
1:55 of 1st overtime period - Snap shot by Patrick Dwyer.
1:55 of 1st overtime period - Shot Misses the Net.
2:05 of 1st overtime period - Johan Sundstrom is hit by Ryan Carter and loses puck.
2:42 of 1st overtime period - Snap shot by Kyle MacKinnon.
2:42 of 1st overtime period - Shot Blocked by Andrey Pedan.
2:56 of 1st overtime period - Snap shot by Calle Jarnkrok.
2:56 of 1st overtime period - Shot Misses the Net.
2:58 of 1st overtime period - Slapshot by Keith Aulie.
2:58 of 1st overtime period - Deflect By Derek Grant.
2:58 of 1st overtime period - Stopped by Jeff Zatkoff with a rebound.
3:04 of 1st overtime period - Wrist shot by Danny Kristo.
3:04 of 1st overtime period - Stopped by Jeff Zatkoff with a rebound.
3:06 of 1st overtime period - Slapshot by Calle Jarnkrok.
3:06 of 1st overtime period - Shot Misses the Net.
3:08 of 1st overtime period - Snap shot by Keith Aulie.
3:08 of 1st overtime period - Stopped by Jeff Zatkoff with a rebound.
3:46 of 1st overtime period - Patrick Dwyer is hit by Daniel Carcillo and loses puck.
4:17 of 1st overtime period - Reid McNeill is hit by Tim Kennedy.
4:38 of 1st overtime period - Johan Sundstrom is hit by Tim Kennedy.
4:58 of 1st overtime period - Snap shot by Danny Kristo.
4:58 of 1st overtime period - Shot Misses the Net.
Goals for this period are 0 for Pirates vs 0 for Ice Caps.
Shots for this period are 5 for Pirates vs 3 for Ice Caps.

ShootOut


5:00 of 1st overtime period - Penalty Shot by Johan Sundstrom for Pirates.
5:00 of 1st overtime period - Wrist shot by Johan Sundstrom.
5:00 of 1st overtime period - Shot Misses the Net.
5:00 of 1st overtime period - Penalty Shot by Kyle MacKinnon for Ice Caps.
5:00 of 1st overtime period - Backhand shot by Kyle MacKinnon.
5:00 of 1st overtime period - Shot Misses the Net.
5:00 of 1st overtime period - Penalty Shot by Matt Puempel for Pirates.
5:00 of 1st overtime period - Backhand shot by Matt Puempel.
5:00 of 1st overtime period - Shot Hit the Post.
5:00 of 1st overtime period - Penalty Shot by Ryan Carter for Ice Caps.
5:00 of 1st overtime period - Backhand shot by Ryan Carter.
5:00 of 1st overtime period - Goal by Ryan Carter.
5:00 of 1st overtime period - Penalty Shot by Calle Jarnkrok for Pirates.
5:00 of 1st overtime period - Snap shot by Calle Jarnkrok.
5:00 of 1st overtime period - Stopped by Jeff Zatkoff.